 Dungeon Crawl Stone Soup version 0.30-a0-1008-g30c9307041 (webtiles) character file.

Game seed: 11788259010760629061

7357 bande the Cleaver (level 11, -1/66 HPs)
             Began as a Gargoyle Fighter on Apr 5, 2023.
             Was an Elder of Okawaru.
             Blown up by Maurice (14 damage)
             ... with a mindburst bolt
             ... on level 10 of the Dungeon.
             The game lasted 00:14:30 (11713 turns).

bande the Cleaver (Gargoyle Fighter)               Turns: 11713, Time: 00:14:31

Health: -1/66      AC: 26    Str: 20    XL:     11   Next: 14%
Magic:  14/14      EV: 11    Int:  9    God:    Okawaru [****..]
Gold:   562        SH:  0    Dex: 13    Spells: 10/10 levels left

rFire   . . .      SeeInvis .    E - +2 war axe (heavy)
rCold   + . .      Faith    .    c - +0 buckler
rNeg    + . .      Spirit   .    f - +0 plate armour
rPois   ∞          Reflect  +    g - +1 hat
rElec   +          Rampage  .    z - +0 cloak
rCorr   .                        (no gloves)
Will    .....                    i - +1 pair of boots Stlth
                                 h - amulet of reflection
HPRegen 0.31/turn                G - +5 ring of evasion
MPRegen 0.14/turn                A - ring of protection from cold

@: confused, ambrosia-drunk, studying Dodging
A: sickness immunity, AC +8, negative energy resistance 1, electricity
resistance, torment resistance 1, petrification resistance
a: Renounce Religion, Heroism, Finesse


You were on level 10 of the Dungeon.
You worshipped Okawaru.
Okawaru was greatly pleased with you.
You visited 2 branches of the dungeon, and saw 11 of its levels.

You collected 562 gold pieces.

Inventory:

Hand Weapons
 v - a +0 war axe
 E - a +2 heavy war axe (weapon)
 M - a +3 flail
Missiles
 C - 2 throwing nets (quivered)
Armour
 c - a +0 buckler (worn)
 f - a +0 plate armour (worn)
 g - a +1 hat (worn)
 i - a +1 pair of boots (worn)
 y - the +3 leather armour of Utotarem {Rampage rF+}
   (You found it on level 4 of the Dungeon)

   rF:        It protects you from fire.
   Rampage:   It bestows one free step when moving towards enemies.
 z - a +0 cloak (worn)
Jewellery
 h - an amulet of reflection (around neck)
 A - a ring of protection from cold (right hand)
 G - a +5 ring of evasion (left hand)
Wands
 l - a wand of digging (6)
 x - a wand of polymorph (8)
 D - a wand of iceblast (2)
Scrolls
 b - a scroll of blinking
 j - 3 scrolls of magic mapping
 r - a scroll of enchant weapon
 t - 2 scrolls of fear
 u - 2 scrolls of enchant armour
 H - a scroll of poison
 K - 2 scrolls of fog
 L - a scroll of amnesia
Potions
 d - 3 potions of might
 e - 5 potions of brilliance
 k - a potion of haste
 m - a potion of cancellation {unknown}
 n - a potion of berserk rage {unknown}
 o - 2 potions of invisibility
 p - a potion of magic {unknown}
 q - a potion of attraction {unknown}
 w - 4 potions of curing
 B - a potion of ambrosia
 F - a potion of mutation {unknown}
 J - 3 potions of flight


   Skills:
 + Level 6.9 Fighting
 + Level 9.2 Axes
 + Level 7.9 Armour
 + Level 7.8 Shields
 * Level 5.0 Invocations
 * Level 6.4 Evocations


You had 10 spell levels left.
You didn't know any spells.
Your spell library contained the following spells:

 Spells                   Type           Power      Damage    Failure   Level
 Apportation              Tloc           0%         N/A       100%        1
 Necrotise                Necr           0%         1d4       100%        1
 Shock                    Conj/Air       0%         1d3       100%        1
 Sting                    Tmut/Pois      0%         1d3       100%        1
 Poisonous Vapours        Pois/Air       0%         N/A       100%        2
 Mephitic Cloud           Conj/Pois/Air  0%         N/A       100%        3
 Swiftness                Air            0%         N/A       100%        3
 Airstrike                Air            0%         2d(0-16)  100%        4
 Olgreb's Toxic Radiance  Pois           0%         N/A       100%        4
 Passage of Golubria      Tloc           0%         N/A       100%        4
 Freezing Cloud           Conj/Ice/Air   0%         6-21      100%        5
 Silence                  Hex/Air        0%         N/A       100%        5
 Lehudib's Crystal Spear  Conj/Erth      0%         10d2      100%        8
 Summon Small Mammal      Summ           Unusable   N/A       N/A         1
 Summon Forest            Summ/Tloc      Unusable   N/A       N/A         5
 Summon Mana Viper        Hex/Summ       Unusable   N/A       N/A         5
 Summon Cactus Giant      Summ           Unusable   N/A       N/A         6

Dungeon Overview and Level Annotations

Branches:
Dungeon (10/15)            Temple (1/1) D:7
   Lair: D:8-11         Orc: D:9-12

Altars:
Ashenzari
Cheibriados
Elyvilon
Kikubaaqudgha
Makhleb
Nemelex Xobeh
Okawaru
Sif Muna
Trog
Wu Jian
Xom
Yredelemnul
Zin
The Shining One

Annotations:
D:7 7 runed translucent doors, DiggyJ's ghost, novice DsBe; Likado's ghost, novice GrEE; mandoloar's ghost, novice OpTm; olddryhag's ghost, novice VSFi; ytrimaz's ghost, novice DgSu
D:10 Maurice


Innate Abilities, Weirdness & Mutations

You are immune to sickness and miasma.
Your stone body is resilient. (AC +8)
You are immune to poison.
You resist negative energy. (rN+)
You are resistant to electric shocks. (rElec)
You are resistant to unholy torment.
You are immune to petrification.


Message History

You closely miss something.
You hear a zap.
Your mind is blasted!
You block something's attack.
You completely miss something. You block something's attack.
You slice something!!
Something hits you but does no damage. x2
You closely miss something. Something hits you but does no damage.
You hear some strange, mumbled words.
You hear a zap.
Your mind is blasted!
* * * LOW HITPOINT WARNING * * *
You feel better.
You closely miss something. Something hits you but does no damage.
You hear a zap.
Your mind is blasted!
* * * LOW HITPOINT WARNING * * *
You barely miss something.
You hear a zap.
Something tries to affect you, but you resist.
You slash something!
Maurice appears from thin air!
Reactivating autopickup.
Maurice hits you but does no damage.
Maurice gestures wildly while chanting.
Maurice flickers and vanishes!
Deactivating autopickup; reactivate with Ctrl-A.
You feel better. Something hits you.
* * * LOW HITPOINT WARNING * * *
Something steals your +1 war axe!
You are confused.
You feel invigorated.
You hear a zap.
Something tries to affect you, but you resist.
You completely miss something.
You hear a zap.
Your mind is blasted!
* * * LOW HITPOINT WARNING * * *
Unknown command.
You miss something.
You hear a zap.
Your mind is blasted!
You die...

#................#
#.#
#................#
#.#
#.######.........#
#.# #.#
#..####...# #.#
#.# #..# #...# #.#
#.# #..# #...# #.#
#.# #..# #...# #.#
#.# #..# #.{.# #.#
#.# #..# #.@.# #.#
#.# #>.# #...# #.#
#.# #...# #.# #.#
#...# #.# #.#
#...# #.# #.#
#...# #.# #.#
#...# #.# #.#
#...# #.# #.#
#...# #.#


There were no monsters in sight!

Vanquished Creatures
  An unseen horror (D:7)
  2 trolls (D:10)
  A hornet (D:10)
  Sigmund (D:4)
  8 yaks
  A wyvern (D:9)
  Grum (D:8)
  A basilisk (D:7)
  3 steam dragons
  3 water moccasins
  An orc warrior (D:9)
  4 ice beasts
  3 black bears (D:5)
  2 sky beasts (D:6)
  2 ogres (D:5)
  2 wolves (D:8)
  3 centaurs
  A phantom (D:7)
  5 kobold brigands
  Blork the orc (D:6)
  4 bullfrogs
  A gnoll sergeant (D:6)
  4 scorpions
  8 wights (D:9)
  4 killer bees (D:8)
  4 jellies
  4 orc priests
  Terence (D:2)
  A gnoll bouda (D:7)
  3 orc wizards
  2 iguanas
  16 gnolls
  7 adders
  2 shadow imps
  2 white imps
  An ufetubus (D:6)
  A worm (D:4)
  6 dart slugs
  21 orcs
  6 endoplasms
  3 giant cockroaches
  5 goblins
  8 hobgoblins
  4 jackals (D:4)
  21 kobolds
  A quokka (D:2)
  2 ball pythons
  8 bats
  5 frilled lizards
  7 rats
  A spectral orc (D:10)
209 creatures vanquished.

Vanquished Creatures (others)
  Maggie (D:6)
  A water moccasin (D:7)
2 creatures vanquished.

Grand Total: 211 creatures vanquished

Notes
Turn   | Place    | Note
-------+----------+-------------------------------------------
     0 | D:1      | bande the Gargoyle Fighter began the quest for the Orb.
     0 | D:1      | Reached XP level 1. HP: 14/14 MP: 1/1
   295 | D:1      | Reached XP level 2. HP: 19/19 MP: 2/2
   660 | D:1      | Reached skill level 2 in Axes
   831 | D:2      | Reached XP level 3. HP: 24/24 MP: 3/3
  1083 | D:2      | Noticed Terence
  1091 | D:2      | Killed Terence
  1092 | D:2      | Reached XP level 4. HP: 12/29 MP: 4/4
  1453 | D:2      | Found a burning altar of Makhleb.
  2356 | D:3      | Reached skill level 3 in Axes
  2356 | D:3      | Reached XP level 5. HP: 18/33 MP: 5/5
  2543 | D:3      | Found a shimmering altar of Xom.
  2551 | D:3      | Found an ancient bone altar of Kikubaaqudgha.
  3060 | D:4      | Identified the +3 leather armour of Utotarem {Rampage rF+}
  3152 | D:4      | Noticed Sigmund
  3161 | D:4      | Reached skill level 1 in Evocations
  3196 | D:4      | Killed Sigmund
  3197 | D:4      | Reached skill level 4 in Axes
  3197 | D:4      | Reached XP level 6. HP: 5/38 MP: 6/6
  3406 | D:4      | Reached XP level 7. HP: 38/44 MP: 7/7
  3574 | D:4      | Found a snail-covered altar of Cheibriados.
  3793 | D:5      | Entered Level 5 of the Dungeon
  3804 | D:5      | Reached skill level 5 in Armour
  3844 | D:5      | Reached skill level 5 in Axes
  3923 | D:5      | Reached XP level 8. HP: 8/48 MP: 8/8
  4281 | D:5      | Reached skill level 5 in Fighting
  4625 | D:5      | Reached skill level 6 in Axes
  4683 | D:5      | Found a bloodstained altar of Trog.
  4723 | D:5      | Reached skill level 5 in Shields
  4725 | D:5      | HP: 2/49 [ogre/+0 giant club (19)]
  5322 | D:6      | Reached XP level 9. HP: 25/54 MP: 9/9
  5889 | D:7      | Reached skill level 7 in Axes
  6149 | D:7      | Found a staircase to the Ecumenical Temple.
  6155 | Temple   | Entered the Ecumenical Temple
  6182 | Temple   | Became a worshipper of Warmaster Okawaru
  6252 | D:7      | Found a runed translucent gate.
  6252 | D:7      | Found a runed translucent gate.
  6254 | D:7      | Found a runed translucent gate.
  6256 | D:7      | Noticed olddryhag's ghost (novice VSFi)
  6256 | D:7      | Noticed Likado's ghost (novice GrEE)
  6256 | D:7      | Noticed mandoloar's ghost (novice OpTm)
  6256 | D:7      | Noticed DiggyJ's ghost (novice DsBe)
  6256 | D:7      | Noticed ytrimaz's ghost (novice DgSu)
  6347 | D:6      | Noticed Maggie
  6354 | D:6      | Killed Maggie
  6355 | D:6      | Noticed Blork the orc
  6368 | D:6      | Killed Blork the orc
  6836 | D:6      | Reached skill level 1 in Invocations
  6955 | D:7      | Found the +18 Lear's hauberk
  7099 | D:7      | Found a large runed translucent door.
  7099 | D:7      | Found a large runed translucent door.
  7099 | D:7      | Noticed a troll
  7125 | D:7      | Reached * piety under Okawaru
  7129 | D:7      | Reached skill level 5 in Evocations
  7402 | D:7      | Found a large runed translucent door.
  7405 | D:7      | Found a large runed translucent door.
  7523 | D:7      | Reached skill level 8 in Axes
  7523 | D:7      | Reached XP level 10. HP: 35/60 MP: 10/12
  7876 | D:7      | Killed an unseen horror
  7876 | D:7      | Reached ** piety under Okawaru
  8485 | D:8      | Noticed Grum
  8492 | D:8      | Killed Grum
  9745 | D:9      | Reached *** piety under Okawaru
  9948 | D:9      | Identified the +1 robe of Darocub {+Blink rElec rN+ Will-}
 10161 | D:9      | Found a sparkling altar of Nemelex Xobeh.
 10324 | D:9      | Reached XP level 11. HP: 37/66 MP: 14/14
 10325 | D:9      | Reached skill level 9 in Axes
 10883 | D:10     | Entered Level 10 of the Dungeon
 10922 | D:10     | Found a glowing silver altar of Zin.
 11103 | D:10     | Reached **** piety under Okawaru
 11122 | D:10     | Reached skill level 5 in Invocations
 11464 | D:10     | Found a basalt altar of Yredelemnul.
 11685 | D:10     | Noticed Maurice
 11713 | D:10     | Blown up by Maurice

Illustrated notes

Levels and vault maps discovered:
D:1:      reono_arrival_forest_river, layout_loops_ring
D:2:      layout_basic, basic_altar, kennysheep_generic_room_4, uniq_terence
D:3:      layout_loops_ring, amethyst_overflow_temple_binary,
          minmay_misc_feat_encased
D:4:      cheibrodos_thug_alley, layout_rooms, cheibrodos_worm_habitat,
          nrook_campfire, nicolae_elevator_lobby_plus, uniq_sigmund
D:5:      layout_basic, trog_ov_bears_minmay, minmay_bent
D:6:      minmay_skewed_foursquare, layout_gridville, corner_web_ring,
          uniq_blork_the_orc, uniq_maggie
D:7:      layout_basic, minmay_temple_entry_hall, gammafunk_ghost_cemetery,
          minmay_hollow_rounded_squares
D:8:      layout_basic, roderic_lattice_a, uniq_grum
D:9:      layout_cave_pods, mainiacjoe_overflow_alcove_1
D:10:     layout_long_grid, yredelemnul_forgotten_temple_becter,
          mainiacjoe_overflow_surrounded_room, uniq_maurice
Temple:   nicolae_temple_bog_church

Skill      XL: |  1  2  3  4  5  6  7  8  9 10 11 |
---------------+----------------------------------+-----
Axes           | 2 3 4 5 6 8 9 |  9.2
Armour         | 4 5 6 7 |  7.9
Fighting       | 4 5 6 |  6.9
Evocations     | 2 3 4 5 6 |  6.4
Shields        | 4 5 6 7 |  7.8
Invocations    | 2 4 5 |  5.0

Action                     |  1- 3 |  4- 6 |  7- 9 | 10-12 || total
---------------------------+-------+-------+-------+-------++-------
  Melee: War axe           |    93 |   141 |   332 |   181 ||   747
    Use: Scroll            |     7 |     3 |     4 |     3 ||    17
         Potion            |       |     2 |     1 |     4 ||     7
 Armour: Scale mail        |    62 |       |       |       ||    62
         Plate armour      |    15 |    97 |   252 |   173 ||   537
  Dodge: Dodged            |    41 |    37 |    70 |   100 ||   248
  Block: Buckler           |    11 |    41 |   200 |   169 ||   421
         Reflection        |       |       |     7 |     4 ||    11

Table legend: (Time is in decaauts)
 A = Elapsed time spent in this place.
 B = Non-inter-level travel time spent in this place.
 C = Inter-level travel time spent in this place.
 D = Time resting spent in this place.
 E = Time spent auto-exploring this place.
 F = Levels seen in this place.
 G = Mean time per level.
                   A        B        C        D        E       F      G
               +--------+--------+--------+--------+--------+-----+--------+
         Total |  12059 |  11736 |    323 |   2879 |   6706 |  11 | 1096.3 |
       Dungeon |  12022 |  11706 |    316 |   2879 |   6685 |  10 | 1202.2 |
        Temple |     36 |     29 |      7 |      0 |     21 |   1 |   36.0 |
               +--------+--------+--------+--------+--------+-----+--------+

Top non-repeatable levels by time:
     D:7: 1756 daAuts
     D:5: 1492 daAuts
     D:6: 1391 daAuts
     D:8: 1309 daAuts
     D:9: 1304 daAuts
     D:4: 1174 daAuts
     D:2: 1023 daAuts
     D:3: 866 daAuts
     D:1: 861 daAuts
    D:10: 840 daAuts
  Temple: 36 daAuts
